 Dungeon Crawl Stone Soup version 0.19.0 (webtiles) character file.

1460 Danakh the Cleaver (level 8, 0/71 HPs)
             Began as a Minotaur Fighter on Nov 6, 2016.
             Was a Priest of Vehumet.
             Slain by Prince Ribbit (10 damage)
             ... on level 6 of the Dungeon.
             The game lasted 00:10:22 (4162 turns).

Danakh the Cleaver (Minotaur Fighter)               Turns: 4162, Time: 00:10:22

Health: 0/71       AC: 10    Str: 30    XL:     8   Next: 48%
Magic:  6/6        EV:  5    Int:  5    God:    Vehumet [***...]
Gold:   246        SH: 17    Dex:  9    Spells: 0 memorised, 7 levels left

rFire  . . .     SeeInvis .     a - +0 war axe
rCold  . . .     Gourm    .     D - +0 chain mail of Syndicalism {Str+3} (curse)
rNeg   . . .     Faith    .     A - +0 large shield
rPois  .         Spirit   .     (helmet restricted)
rElec  .         Reflect  .     (no cloak)
rCorr  +         Harm     .     (no gloves)
MR     .....                    (no boots)
Stlth  ..........               (no amulet)
                                x - +3 ring of strength
                                j - ring of resist corrosion

@: no status effects
A: retaliatory headbutt, horns 2, low mp 1
a: Renounce Religion


You were on level 6 of the Dungeon.
You worshipped Vehumet.
Vehumet was most pleased with you.
You were not hungry.

You visited 1 branch of the dungeon, and saw 6 of its levels.

You collected 246 gold pieces.

Inventory:

Hand Weapons
 a - a +0 war axe (weapon)
Armour
 b - a +0 scale mail
 c - a +0 shield
 A - a +0 large shield (worn)
 D - the cursed +0 chain mail of Syndicalism (worn) {Str+3}
   (You found it on level 5 of the Dungeon)

   It affects your strength (+3).
   It has a curse placed upon it.
Jewellery
 j - a ring of resist corrosion (left hand)
 x - a +3 ring of strength (right hand)
 F - a +3 ring of evasion {unknown}
Wands
 w - a wand of lightning (8/15)
Scrolls
 h - 3 scrolls of identify {unknown}
 l - 2 scrolls of fear {unknown}
 m - a scroll of noise {unknown}
 o - a scroll of teleportation {unknown}
 r - 2 scrolls of random uselessness {unknown}
 s - 2 scrolls of blinking {unknown}
 t - 2 scrolls of magic mapping {unknown}
 u - 4 scrolls of remove curse {unknown}
 y - a scroll of amnesia {unknown}
 B - 4 scrolls of fog {unknown}
Potions
 d - 2 potions of might
 e - 2 potions of brilliance {unknown}
 g - 2 potions of agility {unknown}
 i - 6 potions of curing {unknown}
 k - 3 potions of haste {unknown}
 n - a potion of lignification {unknown}
 p - a potion of experience {unknown}
 q - a potion of flight {unknown}
 v - a potion of berserk rage {unknown}
 C - 3 potions of degeneration {unknown}
 G - a potion of magic {unknown}
Comestibles
 f - 4 bread rations
 z - 3 meat rations
 E - a slice of pizza
 H - 3 chunks of flesh


   Skills:
 + Level 6.7 Fighting
 * Level 8.3 Axes
 + Level 7.0 Armour
 + Level 6.4 Shields


You had 7 spell levels left.
You didn't know any spells.

Dungeon Overview and Level Annotations

Branches:
Dungeon (6/15)             Temple (0/1) D:5

Altars:
Elyvilon
Gozag
Vehumet
Xom

Annotations:
D:6 Prince Ribbit


Innate Abilities, Weirdness & Mutations

You reflexively headbutt those who attack you in melee.
You have a pair of horns on your head.
Your magical capacity is low. (-10% MP)


Message History

* * * LOW HITPOINT WARNING * * *
You closely miss Prince Ribbit. Your headbutt misses Prince Ribbit.
Prince Ribbit is moderately wounded.
You block Prince Ribbit's attack. Prince Ribbit hits you!
* * * LOW HITPOINT WARNING * * *
You hit Prince Ribbit.
Prince Ribbit is moderately wounded.
Prince Ribbit lets out a mournful croak.
You block Prince Ribbit's attack. Prince Ribbit barely misses you.
You furiously retaliate!
You headbutt Prince Ribbit. You miss Prince Ribbit. You headbutt Prince Ribbit.
Prince Ribbit is heavily wounded.
You block Prince Ribbit's attack.
You miss Prince Ribbit.
Prince Ribbit is heavily wounded.
You block Prince Ribbit's attack. x2
You closely miss Prince Ribbit.
Prince Ribbit is heavily wounded.
Prince Ribbit hits you!
You die...

...... +#############
...... .............
...... ............
...... .......... ......
......... ...... #....#
......
#####.F..###############
.......@.......#........
...............#........
...!......†....#........
..##.##..###..##.##..##.
# #. ######..##.#######
. #..........#...... .
#..........#...... ..
#..........#......
#############.##..


You could see Prince Ribbit.

Vanquished Creatures
  An ice beast (D:5)
  A sky beast (D:5)
  A phantom (D:5)
  2 ogres (D:5)
  A big kobold (D:6)
  2 bullfrogs (D:6)
  A scorpion (D:4)
  3 wights (D:6)
  2 bullfrog zombies (D:5)
  2 hounds
  A centaur zombie (D:6)
  2 crimson imps
  An orc priest (D:6)
  A bullfrog skeleton (D:4)
  3 orc wizards
  A worker ant (D:6)
  3 iguanas
  8 adders
  An ooze (D:2)
  2 worms (D:2)
  3 dart slugs (D:1)
  5 leopard geckos
  13 orcs
  5 bats
  3 giant cockroaches
  3 goblins
  6 hobgoblins
  9 jackals
  3 quokkas
  8 frilled lizards
  11 kobolds
  A leopard gecko skeleton (D:4)
  10 rats
  A plant (D:6)
120 creatures vanquished.

Vanquished Creatures (others)
  A goblin (D:2)
1 creature vanquished.

Grand Total: 121 creatures vanquished

Notes
Turn   | Place    | Note
-------+----------+-------------------------------------------
     0 | D:1      | Danakh the Minotaur Fighter began the quest for the Orb.
     0 | D:1      | Reached XP level 1. HP: 19/19 MP: 0/0
    97 | D:1      | Reached XP level 2. HP: 27/27 MP: 1/1
   418 | D:1      | Reached skill level 3 in Axes
   738 | D:2      | Found a white marble altar of Elyvilon.
   772 | D:2      | Reached XP level 3. HP: 27/33 MP: 2/2
   846 | D:2      | Found a faded altar of an unknown god.
   861 | D:2      | Became a worshipper of Vehumet
   861 | D:2      | Reached * piety under Vehumet
   861 | D:2      | Offered knowledge of Flame Tongue by Vehumet.
   876 | D:2      | Found a shimmering altar of Xom.
  1300 | D:3      | Reached XP level 4. HP: 28/40 MP: 3/3
  1393 | D:3      | Reached skill level 4 in Axes
  1588 | D:3      | Offered knowledge of Throw Flame by Vehumet.
  1590 | D:3      | Reached ** piety under Vehumet
  1593 | D:3      | Reached XP level 5. HP: 36/47 MP: 4/4
  1792 | D:4      | Found an opulent altar of Gozag.
  1974 | D:4      | Reached skill level 5 in Axes
  1974 | D:4      | Reached skill level 5 in Armour
  2587 | D:4      | Reached XP level 6. HP: 48/53 MP: 5/5
  2896 | D:5      | Entered Level 5 of the Dungeon
  2951 | D:5      | Reached skill level 5 in Fighting
  2974 | D:5      | Found a staircase to the Ecumenical Temple.
  3021 | D:5      | Reached skill level 6 in Axes
  3021 | D:5      | Reached skill level 5 in Shields
  3315 | D:5      | Got a bronze chain mail
  3326 | D:5      | Identified the cursed +0 chain mail of Syndicalism {Str+3} (You found it on level 5 of the Dungeon)
  3336 | D:5      | Noticed a sky beast
  3350 | D:5      | Killed a sky beast
  3350 | D:5      | Reached XP level 7. HP: 54/61 MP: 6/6
  3355 | D:5      | Gained mutation: Your magical capacity is low. (-10% MP) [mutagenic meat]
  3557 | D:5      | Reached skill level 7 in Axes
  3900 | D:6      | Reached XP level 8. HP: 68/70 MP: 6/6
  3966 | D:6      | Offered knowledge of Conjure Flame by Vehumet.
  3995 | D:6      | Reached skill level 8 in Axes
  4118 | D:6      | Reached *** piety under Vehumet
  4144 | D:6      | Noticed Prince Ribbit
  4162 | D:6      | Slain by Prince Ribbit

Skill      XL: |  1  2  3  4  5  6  7  8 |
---------------+-------------------------+-----
Armour         | 4 5 6 7 |  7.0
Axes           | 3 4 5 6 7 8 |  8.3
Fighting       | 4 5 6 |  6.7
Shields        | 4 5 6 |  6.4

Action                   |  1- 3 |  4- 6 |  7- 9 || total
-------------------------+-------+-------+-------++-------
Melee: War axe           |    99 |   128 |   118 ||   345
       Headbutt          |    16 |    25 |    32 ||    73
  Eat: Chunk             |     1 |     6 |     5 ||    12
Armor: Scale mail        |    44 |    55 |       ||    99
       Chain mail        |       |     3 |    33 ||    36
Dodge: Dodged            |    32 |    38 |    11 ||    81
Block: Shield            |    52 |    20 |       ||    72
       Large shield      |       |    76 |    81 ||   157
